 Dungeon Crawl Stone Soup version bcrawl-1.37.2 (webtiles) character file.

Game seed: 2648402761620092697

281413 Morbidden the Ducker (level 9, -11/52 HPs)
             Began as a Twilight Stalker Archaeologist on Dec 29, 2022.
             Was a Follower of Cheibriados.
             Mangled by a skeletal warrior
             ... wielding a +0 long sword
              (21 damage)
             ... on level 7 of the Dungeon.
             The game lasted 00:11:23 (6683 turns).

Morbidden the Ducker (VSAc)                         Turns: 6683, Time: 00:11:24

Health: -11/52     AC: 16    Str: 21    XL:     9   Next: 78%
Magic:  34/34      EV: 14    Int: 20    God:    Cheibriados [*.....]
Gold:   298        SH:  0    Dex: 16    Spells: 17/17 levels left

rFire    . . .     GDR:     31% a - +7 broad axe of Indomitability {holy, rC+ MR+ MP+9 Str+4}
rCold    + + .     SeeInvis .   (no shield)
rNeg     . . .     Gourm    .   t - +2 scale mail {rC+}
rPois    .         Faith    +   d - +1 hat
rElec    .         Spirit   .   R - +0 cloak
rCorr    .         Reflect  .   y - +2 pair of gloves
MR       +....     Clarity  +   c - +1 pair of boots
Stlth    ++++......             J - amulet of faith
HPRegen  0.58/turn              B - ring of magical power
MPRegen  0.24/turn              (no ring)

@: studying Dodging, very slow
A: fangs 3, nightstalker 1, regeneration 1, no potion heal 3, rot immunity,
draining bite, strong jaws, assimilated armour
a: Bend Time, Renounce Religion


You were on level 7 of the Dungeon.
You worshipped Cheibriados.
Cheibriados was aware of your devotion.
You were hungry.

You visited 2 branches of the dungeon, and saw 8 of its levels.
You also visited: Sewer.

You collected 496 gold pieces.
You spent 198 gold pieces at shops.

Inventory:

Hand Weapons
 a - the +7 broad axe of Indomitability (weapon) {holy, rC+ MR+ MP+9 Str+4}
   (You bought it in a shop on level 6 of the Dungeon)

   It has been blessed by the Shining One to cause great damage to the undead
   and demons.
   It affects your strength (+4).
   It protects you from cold.
   It affects your resistance to hostile enchantments.
   It affects your magic capacity (+9).
 b - a +0 blowgun
 h - the +3 dagger of Theory {holy, rElec rPois rN+}
   (You found it in a sewer)

   It has been blessed by the Shining One to cause great damage to the undead
   and demons.
   It insulates you from electricity.
   It protects you from poison.
   It protects you from negative energy.
 N - a +0 flail
Missiles
 f - 6 curare-tipped needles
 o - 109 javelins (quivered)
 w - 94 poisoned needles
Armour
 c - a +1 pair of boots (worn)
 d - a +1 hat (worn)
 t - a +2 scale mail of cold resistance (worn)
 y - a +2 pair of gloves (worn)
 K - a +0 troll leather armour
 R - a +0 cloak (worn)
 S - a +0 helmet
Jewellery
 B - a ring of magical power (left hand)
 J - an amulet of faith (around neck)
 P - an uncursed ring of insulation {unknown}
Wands
 z - a wand of iceblast (7)
 M - a wand of flame (11)
 Q - a wand of scattershot (5)
Scrolls
 g - 3 scrolls of magic mapping
 i - 7 scrolls of identify
 l - 5 scrolls of remove curse
 n - a scroll of enchant weapon {unknown}
 q - 4 scrolls of teleportation {unknown}
 r - 2 scrolls of fear
 s - a scroll of enchant armour {unknown}
 u - 3 scrolls of fog {unknown}
 v - 2 scrolls of blinking {unknown}
 C - a scroll of immolation {unknown}
 E - a scroll of amnesia {unknown}
 L - a scroll of torment {unknown}
Potions
 j - 2 potions of invisibility {unknown}
 k - 7 potions of curing
 m - a potion of might {unknown}
 p - 2 potions of magic {unknown}
 x - 4 potions of degeneration {unknown}
 A - a potion of lignification {unknown}
 D - 2 potions of mutation {unknown}
 F - a potion of brilliance {unknown}
 G - a potion of flight {unknown}
 H - a potion of heal wounds {unknown}
 I - a potion of berserk rage {unknown}
Comestibles
 e - 12 rations {!d}
 O - 8 chunks of flesh


   Skills:
 * Level 4.0 Fighting
 * Level 3.0(4.6) Axes
 + Level 5.5(6.0) Maces & Flails
 * Level 4.6 Throwing
 * Level 3.9 Armour
 * Level 7.2 Dodging
 + Level 6.0 Stealth
 * Level 4.6 Spellcasting


You had 17 spell levels left.
You didn't know any spells.
Your spell library contained the following spells:

 Spells                   Type           Power        Failure   Level  Hunger
 Beastly Appendage        Tmut           #.....       32%         1    None
 Passwall                 Tmut/Erth      #.......     43%         2    None
 Sticks to Snakes         Tmut           #.......     43%         2    None
 Spider Form              Tmut/Pois      #..          67%         3    ###....
 Ice Form                 Ice/Tmut       #.......     97%         4    #####..
 Blade Hands              Tmut           #.........   100%        5    ######.


Dungeon Overview and Level Annotations

Branches:
Dungeon (7/12)             Temple (1/1) D:5
   Lair: D:7-9

Altars:
Cheibriados
Dithmenos
Gozag
Lugonu
Makhleb
Nemelex Xobeh
Okawaru
Qazlal
Trog
Vehumet
Xom
Zin

Shops:
D:6 (


Innate Abilities, Weirdness & Mutations

You have razor-sharp teeth.
You are slightly more attuned to the shadows.
Your natural rate of healing is unusually fast.
Potions cannot restore your health.
You are immune to rotting.
Your bite drains your enemy's life force.
Your bites deal extra damage.
Your stealth is less affected by armour.


Message History

You are feeling hungry.
You hit the skeletal warrior.
The skeletal warrior convulses.
You bite the skeletal warrior, but do no damage.
The skeletal warrior is heavily damaged.
The skeletal warrior hits you with a +0 long sword!
* * * LOW HITPOINT WARNING * * *
The skeletal warrior hits you with a +0 long sword.
* * * LOW HITPOINT WARNING * * *
No path to travel!
Okay, then.
Unknown command.
Okay, then.
Okay, then.
You see here a scorpion corpse.
You hear a grinding noise.
You hear a grinding noise.
The skeletal warrior hits you but does no damage.
You hear a grinding noise. x2
The skeletal warrior hits you with a +0 long sword!!
You die...

##.....................(
##.......................
......................##.
...##.........###.....###
.. #....##....##...... #
.##...## ##...#
#.......###...$...
.....#............
.....##.@z#...#...#.
#.##. #....#?#...#)#. ..
## #.....#...#...#
#.$...........
#....#..)#...#
##....#.†...#
.......#)..#...
.>...............
......#...#...#..


You could see a skeletal warrior.

Vanquished Creatures
  A troll (D:7)
  Duvessa (D:4)
  Purgy (Sewer)
  2 ice beasts
  2 phantoms
  3 necrophages
  3 ogres
  A bullfrog (D:7)
  Dowan (D:4)
  A centaur (D:5)
  2 scorpions
  4 wights
  2 orc priests (D:3)
  2 howler monkeys
  6 crimson imps
  2 hounds
  A gnoll shaman (D:5)
  An orc wizard (D:6)
  A bullfrog skeleton (D:5)
  An iguana (D:3)
  Jessica (D:2)
  7 worker ants
  A hound zombie (D:6)
  2 worker ant zombies (D:5)
  A howler monkey skeleton (D:7)
  15 adders
  15 gnolls
  3 shadow imps
  An ooze (D:4)
  3 adder skeletons
  An adder zombie (D:7)
  A worm (D:2)
  6 dart slugs
  7 leopard geckos
  8 orcs
  3 ball pythons
  7 bats
  3 giant cockroaches
  3 goblins
  7 hobgoblins
  3 jackals
  6 kobolds
  3 quokkas
  3 frilled lizards
  2 quokka zombies
  7 rats
157 creatures vanquished.

Notes
Turn   | Place    | Note
-------+----------+-------------------------------------------
     0 | D:1      | Morbidden the Vine Stalker Archaeologist began the quest
                  | for the Orb.
     0 | D:1      | Reached XP level 1. HP: 11/11 MP: 2/2
   105 | D:1      | Reached skill level 1 in Maces & Flails
   105 | D:1      | Reached XP level 2. HP: 16/16 MP: 3/3
   453 | D:2      | Reached skill level 5 in Stealth
   453 | D:2      | Reached XP level 3. HP: 20/20 MP: 4/4
   509 | D:2      | Reached skill level 1 in Fighting
   580 | D:2      | Reached skill level 1 in Throwing
   580 | D:2      | Reached skill level 4 in Dodging
   580 | D:2      | Reached XP level 4. HP: 25/25 MP: 5/5
   612 | D:2      | Noticed Jessica
   616 | D:2      | Killed Jessica
   852 | D:2      | Reached skill level 1 in Spellcasting
  1077 | D:2      | Found a bloodstained altar of Trog.
  1134 | D:2      | Reached XP level 5. HP: 29/29 MP: 7/7
  1134 | D:2      | Identified a scroll of acquirement
  1134 | D:2      | Identified the +2 lajatang of Quantum Leap {holy, Str+5}
                  | (You acquired it on level 2 of the Dungeon)
  1134 | D:2      | Identified the ring of Untruth {+Fly Str+4} (You acquired
                  | it on level 2 of the Dungeon)
  1256 | D:3      | Found an iron altar of Okawaru.
  1405 | D:3      | Reached skill level 1 in Armour
  1458 | D:3      | Found a corrupted altar of Lugonu.
  1523 | D:3      | Gained mutation: You have razor-sharp teeth. [Vine Stalker
                  | growth]
  1523 | D:3      | Reached XP level 6. HP: 21/34 MP: 9/9
  1709 | D:3      | Found a glowing drain.
  1713 | Sewer    | Entered a sewer
  1736 | Sewer    | Got a crystal dagger
  1737 | Sewer    | Identified the +3 dagger of Theory {holy, rElec rPois rN+}
                  | (You found it in a sewer)
  1833 | Sewer    | Noticed Purgy
  1873 | Sewer    | Killed Purgy
  2054 | D:3      | Reached XP level 7. HP: 40/40 MP: 11/11
  2208 | D:3      | Reached skill level 5 in Dodging
  3360 | D:4      | Found a shadowy altar of Dithmenos.
  3483 | D:4      | Noticed Dowan
  3485 | D:4      | Gained mutation: Your bite drains your enemy's life force.
                  | [Twilight Stalker growth]
  3485 | D:4      | Gained mutation: Your stealth is less affected by armour.
                  | [Twilight Stalker growth]
  3485 | D:4      | Gained mutation: You are slightly more attuned to the
                  | shadows. [Twilight Stalker growth]
  3485 | D:4      | Reached XP level 8. HP: 19/45 MP: 12/13
  3503 | D:4      | Noticed Duvessa
  3597 | D:4      | Killed Duvessa
  3611 | D:4      | Killed Dowan
  3857 | D:5      | Entered Level 5 of the Dungeon
  4152 | D:5      | Found a staircase to the Ecumenical Temple.
  4196 | Temple   | Entered the Ecumenical Temple
  4342 | Temple   | Became a worshipper of Cheibriados the Contemplative
  4813 | D:5      | Reached skill level 5 in Maces & Flails
  4973 | D:6      | Found a stormy altar of Qazlal.
  4975 | D:6      | Noticed an air elemental
  4976 | D:6      | Noticed a water elemental
  5067 | D:6      | Reached skill level 6 in Dodging
  5206 | D:6      | Found a sparkling altar of Nemelex Xobeh.
  5277 | D:6      | Reached XP level 9. HP: 50/50 MP: 16/16
  5806 | D:6      | Found Utsod's Antique Weapon Shop.
  5816 | D:6      | Bought a brightly glowing broad axe for 198 gold pieces
  5817 | D:6      | Identified the +7 broad axe of Indomitability {holy, rC+
                  | MR+ MP+9 Str+4} (You bought it in a shop on level 6 of the
                  | Dungeon)
  6277 | D:7      | Noticed a troll
  6439 | D:7      | Found a glowing silver altar of Zin.
  6476 | D:7      | Killed a troll
  6562 | D:7      | Reached * piety under Cheibriados
  6565 | D:7      | Reached skill level 1 in Axes
  6569 | D:7      | Reached skill level 7 in Dodging
  6669 | D:7      | Noticed a skeletal warrior
  6683 | D:7      | Mangled by a skeletal warrior

Skill      XL: |  1  2  3  4  5  6  7  8  9 |
---------------+----------------------------+-----
Maces & Flails | 1 2 3 5 |  5.5
Stealth        | 5 6 |  6.0
Fighting       | 1 2 3 4 |  4.0
Throwing       | 1 2 3 4 |  4.6
Dodging        | 4 5 6 7 |  7.2
Spellcasting   | 1 2 3 4 |  4.6
Armour         | 1 2 3 |  3.9
Axes           | 3 |  3.0

Action                   |  1- 3 |  4- 6 |  7- 9 || total
-------------------------+-------+-------+-------++-------
Melee: Whip              |   128 |   281 |    86 ||   495
       Bite              |     6 |    17 |    96 ||   119
       Flail             |       |       |   317 ||   317
       Broad axe         |       |       |    51 ||    51
Throw: Javelin           |       |    63 |    11 ||    74
  Use: Scroll            |       |     3 |     3 ||     6
       Potion            |       |       |     1 ||     1
 Stab: Sleeping          |     3 |     1 |    11 ||    15
  Eat: Chunk             |     2 |    12 |    27 ||    41
       Ration            |       |     1 |     1 ||     2
Armor: Robe              |     7 |       |       ||     7
       Scale mail        |    68 |   271 |   278 ||   617
Dodge: Dodged            |    77 |   280 |   319 ||   676
